TOP OF THE 1ST |
Baltimore Orioles batting - Pitching for Atlanta Braves : LHP Sean Manaea
|
Pitching: LHP Sean Manaea
|
|
Batting: LHB Derek Fisher
|
0-0: Ball 1-0: Ground out 4-3 (Groundball, 34)
|
Batting: SHB Johan Camargo
|
0-0: Ball 1-0: Ball 2-0: Ball 3-0: Called Strike 3-1: Base on Balls
|
Batting: LHB Rafael Devers
|
0-0: Called Strike Johan Camargo steals 2nd base 0-1: SINGLE (Groundball, 25) (infield hit) Johan Camargo to third
|
Batting: SHB Dexter Fowler
|
0-0: Ball 1-0: Foul Ball, location: 2F 1-1: Foul Ball, location: 2F 1-2: Grounds into double play, 4-6-3 (Groundball, 4)
|
Top of the 1st over - 0 runs, 1 hit, 0 errors, 1 left on base; Baltimore 0 - Atlanta 0 |
BOTTOM OF THE 1ST |
Atlanta Braves batting - Pitching for Baltimore Orioles : LHP Carlos Rodon
|
Pitching: LHP Carlos Rodon
|
|
Batting: LHB Mallex Smith
|
0-0: Called Strike 0-1: Ball 1-1: Foul Ball, location: 2F 1-2: Strikes out looking
|
Batting: SHB Leury Garcia
|
0-0: Ball 1-0: Ball 2-0: Bunted foul 2-1: Called Strike 2-2: DOUBLE (Groundball, 5L)
|
Batting: RHB Domingo Santana
|
0-0: Called Strike Leury Garcia is caught stealing 3rd base 2-5 0-1: Ball 1-1: Swinging Strike 1-2: Foul Ball, location: 2F 1-2: Fly out, F8 (Flyball, 8RM)
|
Bottom of the 1st over - 0 runs, 1 hit, 0 errors, 0 left on base; Baltimore 0 - Atlanta 0 |
TOP OF THE 2ND |
Baltimore Orioles batting - Pitching for Atlanta Braves : LHP Sean Manaea
|
Batting: LHB Curtis Granderson
|
0-0: Foul Ball, location: 2F 0-1: Ball 1-1: Foul Ball, location: 2F 1-2: Foul Ball, location: 2F 1-2: Ball 2-2: Foul Ball, location: 2F 2-2: Foul Ball, location: 2F 2-2: Foul Ball, location: 2F 2-2: Foul Ball, location: 2F 2-2: Fly out, F8 (Flyball, 8RS)
|
Batting: SHB Chase Headley
|
0-0: Called Strike 0-1: Ball 1-1: Ball 2-1: Ball 3-1: Foul Ball, location: 2F 3-2: Strikes out swinging
|
Batting: LHB Stephen Vogt
|
0-0: Ball 1-0: Fly out, F5 (Popup, 25)
|
Top of the 2nd over - 0 runs, 0 hits, 0 errors, 0 left on base; Baltimore 0 - Atlanta 0 |
BOTTOM OF THE 2ND |
Atlanta Braves batting - Pitching for Baltimore Orioles : LHP Carlos Rodon
|
Batting: RHB Miguel Sano
|
0-0: Called Strike 0-1: Ball 1-1: Swinging Strike 1-2: Foul Ball, location: 2F 1-2: Strikes out swinging
|
Batting: LHB Greg Bird
|
0-0: Called Strike 0-1: Foul Ball, location: 2F 0-2: Foul Ball, location: 2F 0-2: Foul Ball, location: 2F 0-2: Ball 1-2: Ball 2-2: Foul Ball, location: 2F 2-2: Fly out, F9 (Flyball, 9D)
|
Batting: RHB Hunter Renfroe
|
0-0: Ball 1-0: Called Strike 1-1: Swinging Strike 1-2: Foul Ball, location: 2F 1-2: Foul Ball, location: 2F 1-2: Fly out, F8 (Flyball, 8RM)
|
Bottom of the 2nd over - 0 runs, 0 hits, 0 errors, 0 left on base; Baltimore 0 - Atlanta 0 |
TOP OF THE 3RD |
Baltimore Orioles batting - Pitching for Atlanta Braves : LHP Sean Manaea
|
Batting: RHB Brendan Ryan
|
0-0: Called Strike 0-1: Ground out 6-3 (Groundball, 4MS)
|
Batting: LHB Carlos Rodon
|
0-0: SINGLE (Groundball, 6D)
|
Batting: LHB Derek Fisher
|
0-0: Ball 1-0: Called Strike 1-1: Fielders Choice at 2nd, 5-4 (Groundball, 56)
|
Batting: SHB Johan Camargo
|
0-0: Called Strike 0-1: Ball 1-1: Called Strike 1-2: Foul Ball, location: 2F 1-2: Foul Ball, location: 2F 1-2: SINGLE (Line Drive, 8RS) Derek Fisher to second
|
Batting: LHB Rafael Devers
|
0-0: Fly out, F9 (Flyball, 9LM)
|
Top of the 3rd over - 0 runs, 2 hits, 0 errors, 2 left on base; Baltimore 0 - Atlanta 0 |
BOTTOM OF THE 3RD |
Atlanta Braves batting - Pitching for Baltimore Orioles : LHP Carlos Rodon
|
Batting: RHB Kurt Suzuki
|
0-0: Called Strike 0-1: Called Strike 0-2: Strikes out swinging
|
Batting: RHB Jose Iglesias
|
0-0: Ball 1-0: Called Strike 1-1: SINGLE (Groundball, 4MD)
|
Batting: RHB Sean Manaea
|
0-0: Sac Bunt to 23 - play at first, batter OUT! 3-4 Jose Iglesias to second
|
Batting: LHB Mallex Smith
|
0-0: Ball 1-0: Ball 2-0: Swinging Strike 2-1: Ball 3-1: Called Strike 3-2: Base on Balls
|
Batting: SHB Leury Garcia
|
0-0: Foul Ball, location: 2F 0-1: Ball 1-1: Foul Ball, location: 2F 1-2: Ball 2-2: SINGLE (Line Drive, 8LS) Jose Iglesias to third Mallex Smith to second
|
Batting: RHB Domingo Santana
|
0-0: Ball 1-0: Ball 2-0: Ball 3-0: Fly out, F5 (Popup, 5F)
|
Bottom of the 3rd over - 0 runs, 2 hits, 0 errors, 3 left on base; Baltimore 0 - Atlanta 0 |
TOP OF THE 4TH |
Baltimore Orioles batting - Pitching for Atlanta Braves : LHP Sean Manaea
|
Batting: SHB Dexter Fowler
|
0-0: Called Strike 0-1: SOLO HOME RUN (Flyball, 7D), Distance : 386 ft
|
Batting: LHB Curtis Granderson
|
0-0: Ball 1-0: Swinging Strike 1-1: Foul Ball, location: 2F 1-2: Ground out 4-3 (Groundball, 34)
|
Batting: SHB Chase Headley
|
0-0: Ball 1-0: Foul Ball, location: 2F 1-1: Foul Ball, location: 2F 1-2: Fly out, F4 (Popup, 34S)
|
Batting: LHB Stephen Vogt
|
0-0: Ball 1-0: Foul Ball, location: 2F 1-1: Foul Ball, location: 2F 1-2: Ball 2-2: Strikes out swinging
|
Top of the 4th over - 1 run, 1 hit, 0 errors, 0 left on base; Baltimore 1 - Atlanta 0 |
BOTTOM OF THE 4TH |
Atlanta Braves batting - Pitching for Baltimore Orioles : LHP Carlos Rodon
|
Batting: RHB Miguel Sano
|
0-0: Ball 1-0: Foul Ball, location: 2F 1-1: Swinging Strike 1-2: Ball 2-2: SOLO HOME RUN (Flyball, 89XD), Distance : 425 ft
|
Batting: LHB Greg Bird
|
0-0: Foul Ball, location: 2F 0-1: Called Strike 0-2: DOUBLE (Line Drive, 89M)
|
Batting: RHB Hunter Renfroe
|
0-0: Swinging Strike 0-1: Called Strike 0-2: Strikes out swinging
|
Batting: RHB Kurt Suzuki
|
0-0: Called Strike 0-1: Foul Ball, location: 2F 0-2: Ball 1-2: Ball 2-2: Foul Ball, location: 2F 2-2: Ball 3-2: Base on Balls
|
Batting: RHB Jose Iglesias
|
0-0: Ball 1-0: Ball 2-0: Called Strike 2-1: Fielders Choice at 2nd, 1-4 (Groundball, 15S) Greg Bird to third
|
Batting: RHB Sean Manaea
|
0-0: Called Strike 0-1: Ball 1-1: Swinging Strike 1-2: Strikes out swinging
|
Bottom of the 4th over - 1 run, 2 hits, 0 errors, 2 left on base; Baltimore 1 - Atlanta 1 |
TOP OF THE 5TH |
Baltimore Orioles batting - Pitching for Atlanta Braves : LHP Sean Manaea
|
Batting: RHB Brendan Ryan
|
0-0: Ball 1-0: Called Strike 1-1: Fly out, F7 (Flyball, 7)
|
Batting: LHB Carlos Rodon
|
0-0: Ball 1-0: Called Strike 1-1: Swinging Strike 1-2: Strikes out swinging, 2-3 out at first.
|
Batting: LHB Derek Fisher
|
0-0: Foul Ball, location: 2F 0-1: Foul Ball, location: 2F 0-2: SINGLE (Groundball, 56D)
|
Batting: SHB Johan Camargo
|
0-0: Called Strike 0-1: Ball 1-1: Ball 2-1: Ball 3-1: Base on Balls Derek Fisher to second
|
Batting: LHB Rafael Devers
|
0-0: Ball 1-0: Called Strike 1-1: Foul Ball, location: 2F 1-2: SINGLE (Groundball, 6MD) Derek Fisher to third Johan Camargo to second Runner from 3rd tries for Home, SAFE, throw by CF to home
|
Batting: SHB Dexter Fowler
|
0-0: Called Strike 0-1: Ball 1-1: Fielders Choice at 2nd, 6-4 (Groundball, 6)
|
Top of the 5th over - 1 run, 2 hits, 0 errors, 2 left on base; Baltimore 2 - Atlanta 1 |
BOTTOM OF THE 5TH |
Atlanta Braves batting - Pitching for Baltimore Orioles : LHP Carlos Rodon
|
Batting: LHB Mallex Smith
|
0-0: Ball 1-0: Ball 2-0: Fly out, F8 (Flyball, 8LM)
|
Batting: SHB Leury Garcia
|
0-0: Foul Ball, location: 2F 0-1: Reached via error on a dropped throw from SS, E3 (Groundball, 6)
|
Batting: RHB Domingo Santana
|
0-0: Grounds into double play, 6-4-3 (Groundball, 6S)
|
Bottom of the 5th over - 0 runs, 0 hits, 1 error, 0 left on base; Baltimore 2 - Atlanta 1 |
TOP OF THE 6TH |
Baltimore Orioles batting - Pitching for Atlanta Braves : LHP Sean Manaea
|
Pitching: LHP Zach Duke
|
|
Batting: LHB Curtis Granderson
|
0-0: Called Strike 0-1: Ball 1-1: Ball 2-1: Fly out, F8 (Line Drive, 8RM)
|
Batting: SHB Chase Headley
|
0-0: Ball 1-0: Reached on error, E5 (Groundball, 56S)
|
Batting: LHB Stephen Vogt
|
0-0: Ball 1-0: Ball 2-0: Swinging Strike 2-1: Ball 3-1: Base on Balls Chase Headley to second
|
Batting: RHB Brendan Ryan
|
0-0: Fly out, F8 (Flyball, 8LM)
|
Pinch Hitting: LHB John Jaso
|
0-0: Ball 1-0: Called Strike 1-1: Foul Ball, location: 2F 1-2: SINGLE (Groundball, 34D) Chase Headley to third Stephen Vogt to second Runner from 3rd tries for Home, SAFE, throw by RF to home
|
Batting: LHB Derek Fisher
|
0-0: Ball 1-0: Ball 2-0: SINGLE (Line Drive, 4D) Stephen Vogt to third John Jaso to second Runner from 3rd tries for Home, SAFE, throw by CF to home
|
Batting: SHB Johan Camargo
|
0-0: Called Strike 0-1: Called Strike 0-2: Ball 1-2: Foul Ball, location: 2F 1-2: Ball 2-2: Fly out, F8 (Flyball, 8LM)
|
Top of the 6th over - 2 runs, 2 hits, 1 error, 2 left on base; Baltimore 4 - Atlanta 1 |
BOTTOM OF THE 6TH |
Atlanta Braves batting - Pitching for Baltimore Orioles : LHP Carlos Rodon
|
Pitching: RHP Joe Jimenez
|
|
Batting: RHB Miguel Sano
|
0-0: Ball 1-0: Ball 2-0: Foul Ball, location: 2F 2-1: Foul Ball, location: 2F 2-2: SINGLE (Line Drive, 34D)
|
Batting: LHB Greg Bird
|
0-0: Foul Ball, location: 2F 0-1: Ball 1-1: Foul Ball, location: 2F 1-2: Strikes out looking
|
Batting: RHB Hunter Renfroe
|
0-0: Ball 1-0: Ball 2-0: Ball 3-0: Base on Balls Miguel Sano to second
|
Pitching: RHP Pedro Strop
|
|
Batting: RHB Kurt Suzuki
|
0-0: Ball 1-0: Foul Ball, location: 2F 1-1: Swinging Strike 1-2: Ball 2-2: Ball 3-2: Strikes out swinging
|
Batting: RHB Jose Iglesias
|
0-0: Ball 1-0: DOUBLE (Line Drive, 9LM) Miguel Sano scores Hunter Renfroe to third
|
Pinch Hitting: LHB Ben Gamel
|
0-0: Ball 1-0: Called Strike 1-1: Fly out, F5 (Popup, 5F)
|
Bottom of the 6th over - 1 run, 2 hits, 0 errors, 2 left on base; Baltimore 4 - Atlanta 2 |
TOP OF THE 7TH |
Baltimore Orioles batting - Pitching for Atlanta Braves : LHP Zach Duke
|
Pitching: LHP Enny Romero
|
|
Batting: LHB Rafael Devers
|
0-0: Ball 1-0: Called Strike 1-1: SINGLE (Line Drive, 89S)
|
Batting: SHB Dexter Fowler
|
0-0: Reached on error, E4 (Groundball, 4) Rafael Devers to second
|
Batting: LHB Curtis Granderson
|
0-0: Ball 1-0: Foul Ball, location: 2F 1-1: 3-RUN HOME RUN (Flyball, 9D), Distance : 378 ft
|
Batting: SHB Chase Headley
|
0-0: Ball 1-0: Ground out 6-3 (Groundball, 56)
|
Batting: LHB Stephen Vogt
|
0-0: SOLO HOME RUN (Flyball, 9LD), Distance : 336 ft
|
Pitching: LHP Brian Johnson
|
|
Batting: RHB Brendan Ryan
|
0-0: Called Strike 0-1: Swinging Strike 0-2: Strikes out looking
|
Pinch Hitting: RHB Josh Wilson
|
0-0: Swinging Strike 0-1: Swinging Strike 0-2: Strikes out looking
|
Top of the 7th over - 4 runs, 3 hits, 1 error, 0 left on base; Baltimore 8 - Atlanta 2 |
BOTTOM OF THE 7TH |
Atlanta Braves batting - Pitching for Baltimore Orioles : RHP Pedro Strop
|
Pitching: LHP Justin Wilson
|
|
Batting: LHB Mallex Smith
|
0-0: Ball 1-0: SINGLE (Groundball, 6MD)
|
Batting: SHB Leury Garcia
|
0-0: Called Strike 0-1: Foul Ball, location: 2F 0-2: Fly out, F8 (Line Drive, 8RM)
|
Batting: RHB Domingo Santana
|
0-0: Ball Mallex Smith steals 2nd base 1-0: Ball 2-0: SINGLE (Groundball, 3D) Mallex Smith to third Runner from 3rd tries for Home, SAFE, no throw by RF
|
Batting: RHB Miguel Sano
|
0-0: Called Strike 0-1: Ball 1-1: Ball 2-1: Foul Ball, location: 2F 2-2: Strikes out looking
|
Batting: LHB Greg Bird
|
0-0: Ball 1-0: Called Strike 1-1: Called Strike 1-2: Foul Ball, location: 2F 1-2: Strikes out swinging
|
Bottom of the 7th over - 1 run, 2 hits, 0 errors, 1 left on base; Baltimore 8 - Atlanta 3 |
TOP OF THE 8TH |
Baltimore Orioles batting - Pitching for Atlanta Braves : LHP Brian Johnson
|
Batting: LHB Derek Fisher
|
0-0: Ball 1-0: Ball 2-0: Swinging Strike 2-1: Foul Ball, location: 2F 2-2: Foul Ball, location: 2F 2-2: SINGLE (Line Drive, 34D)
|
Batting: SHB Johan Camargo
|
0-0: SINGLE (Groundball, 6MD) Derek Fisher to second Runner from 2nd tries for 3rd, SAFE, no throw by CF
|
Batting: LHB Rafael Devers
|
0-0: Ball 1-0: Ball 2-0: SINGLE (Groundball, 4D) Derek Fisher scores Johan Camargo to second Runner from 2nd tries for 3rd, SAFE, throw by RF made to third
|
Batting: SHB Dexter Fowler
|
0-0: Foul Ball, location: 2F 0-1: Ball 1-1: TRIPLE (Flyball, 9LD) Johan Camargo scores Rafael Devers scores
|
Batting: LHB Curtis Granderson
|
0-0: Foul Ball, location: 2F 0-1: Foul Ball, location: 2F 0-2: Ball 1-2: DOUBLE (Flyball, 8LXD) Dexter Fowler scores
|
Pitching: RHP Marco Estrada
|
|
Batting: SHB Chase Headley
|
0-0: Called Strike 0-1: Foul Ball, location: 2F 0-2: Ground out U3 (Groundball, 3) Curtis Granderson to third
|
Batting: LHB Stephen Vogt
|
0-0: Called Strike 0-1: Swinging Strike 0-2: Ball 1-2: Foul Ball, location: 2F 1-2: Foul Ball, location: 2F 1-2: Ball 2-2: Ball 3-2: Strikes out swinging
|
Batting: RHB Brendan Ryan
|
0-0: Ball 1-0: Ball 2-0: Ball 3-0: Base on Balls
|
Pinch Hitting: RHB Albert Almora
|
0-0: Ball 1-0: 3-RUN HOME RUN (Flyball, 7LD), Distance : 357 ft
|
Batting: LHB Derek Fisher
|
0-0: Called Strike 0-1: Ball 1-1: Ball 2-1: Ball 3-1: Base on Balls
|
Batting: SHB Johan Camargo
|
0-0: Called Strike Derek Fisher steals 2nd base 0-1: Ball 1-1: Fly out, F9 (Flyball, 9LSF)
|
Top of the 8th over - 7 runs, 6 hits, 0 errors, 1 left on base; Baltimore 15 - Atlanta 3 |
BOTTOM OF THE 8TH |
Atlanta Braves batting - Pitching for Baltimore Orioles : LHP Justin Wilson
|
Pitching: RHP Carlos Estevez
|
|
Batting: RHB Hunter Renfroe
|
0-0: Called Strike 0-1: Ball 1-1: Ball 2-1: Foul Ball, location: 2F 2-2: Foul Ball, location: 2F 2-2: Ball 3-2: Base on Balls
|
Batting: RHB Kurt Suzuki
|
0-0: Called Strike 0-1: Called Strike 0-2: Strikes out swinging
|
Pinch Hitting: SHB Juniel Querecuto
|
0-0: Foul Ball, location: 2F 0-1: Ball 1-1: Called Strike 1-2: Foul Ball, location: 2F 1-2: Foul Ball, location: 2F 1-2: Grounds into double play, 4-6-3 (Groundball, 4)
|
Bottom of the 8th over - 0 runs, 0 hits, 0 errors, 0 left on base; Baltimore 15 - Atlanta 3 |
TOP OF THE 9TH |
Baltimore Orioles batting - Pitching for Atlanta Braves : RHP Marco Estrada
|
Pitching: RHP Michael Lorenzen
|
|
Now at SS: Juniel Querecuto
|
|
Batting: LHB Rafael Devers
|
0-0: Swinging Strike 0-1: Ball 1-1: SOLO HOME RUN (Flyball, 9D), Distance : 376 ft
|
Batting: SHB Dexter Fowler
|
0-0: Ball 1-0: Swinging Strike 1-1: DOUBLE (Flyball, 78XD)
|
Batting: LHB Curtis Granderson
|
0-0: Foul Ball, location: 2F 0-1: Swinging Strike 0-2: Strikes out swinging
|
Batting: SHB Chase Headley
|
0-0: Ball 1-0: Ground out 3-1 (Groundball, 34S) Dexter Fowler to third
|
Batting: LHB Stephen Vogt
|
0-0: Called Strike 0-1: Foul Ball, location: 2F 0-2: Fly out, F8 (Flyball, 89D)
|
Top of the 9th over - 1 run, 2 hits, 0 errors, 1 left on base; Baltimore 16 - Atlanta 3 |
BOTTOM OF THE 9TH |
Atlanta Braves batting - Pitching for Baltimore Orioles : RHP Carlos Estevez
|
Pinch Hitting: LHB Jeremy Hazelbaker
|
0-0: Called Strike 0-1: Ball 1-1: Swinging Strike 1-2: Strikes out swinging
|
Pitching: RHP Jimmie Sherfy
|
|
Batting: LHB Mallex Smith
|
0-0: Ball 1-0: Swinging Strike 1-1: Called Strike 1-2: SINGLE (Line Drive, 7LS)
|
Pinch Hitting: RHB Pat Valaika
|
0-0: Foul Ball, location: 2F 0-1: Ball 1-1: Foul Ball, location: 2F 1-2: Strikes out swinging
|
Batting: RHB Domingo Santana
|
0-0: Called Strike 0-1: Ball 1-1: Called Strike 1-2: Strikes out swinging
|
Bottom of the 9th over - 0 runs, 1 hit, 0 errors, 1 left on base; Baltimore 16 - Atlanta 3 |
|